 Dungeon Crawl Stone Soup version 0.19.0-1-g5985abe (webtiles) character file.

5801 Mesmaeker13 the Fighter (level 10, 0/82 HPs)
             Began as a Demonspawn Gladiator on Nov 2, 2016.
             Was a Follower of Ashenzari.
             Succumbed to a queen ant's poison
             ... on level 8 of the Dungeon.
             The game lasted 00:26:04 (9227 turns).

Mesmaeker13 the Fighter (Demonspawn Gladiator)      Turns: 9227, Time: 00:26:05

Health: 0/82       AC: 24    Str: 16 (17) XL:     10   Next: 50%
Magic:  10/10      EV:  4    Int:  8 (11) God:    Ashenzari [*.....]
Gold:   395        SH: 10    Dex: 13 (14) Spells: 0 memorised, 9 levels left

rFire  . . .     SeeInvis .     v - +2 spear (flame)
rCold  + . .     Gourm    .     C - +2 plate armour {rC+} (curse)
rNeg   . . .     Faith    .     a - +0 shield
rPois  .         Spirit   .     (helmet restricted)
rElec  .         Reflect  .     (no cloak)
rCorr  .         Harm     .     o - +1 pair of gloves (curse)
MR     .....                    b - +0 pair of boots
Stlth  ..........               (no amulet)
                                (no ring)
                                (no ring)

@: lethally poisoned (0 -> -4), sanguine armour
A: horns 2, nightstalker 2, spiny 1, sanguine armour 1
a: Curse Item, Scrying, Renounce Religion


You were on level 8 of the Dungeon.
You worshipped Ashenzari.
Ashenzari was aware of your devotion.
You were completely stuffed.

You visited 2 branches of the dungeon, and saw 9 of its levels.

You collected 395 gold pieces.

Inventory:

Hand Weapons
 e - a +0 spear of venom
 v - a +2 spear of flaming (weapon)
Missiles
 d - 4 throwing nets (quivered)
 h - 34 poisoned needles
Armour
 a - a +0 shield (worn)
 b - a +0 pair of boots (worn)
 o - a cursed +1 pair of gloves (worn)
 C - a cursed +2 plate armour of cold resistance (worn)
Wands
 g - a wand of iceblast (7/15)
 k - a wand of disintegration (2/24)
 I - a wand of lightning (1/15)
Scrolls
 j - a scroll of fog
 m - a scroll of blinking {unknown}
 n - a scroll of magic mapping
 s - 4 scrolls of remove curse
 t - 2 scrolls of enchant armour
 x - a scroll of fear
 y - 2 scrolls of enchant weapon
 A - a scroll of teleportation
 B - 2 scrolls of amnesia
 D - a scroll of recharging
 E - 2 scrolls of noise {unknown}
Potions
 c - a potion of cancellation
 p - a potion of lignification
Comestibles
 f - 12 bread rations
 i - 2 meat rations
 l - 6 fruits
 r - 2 slices of pizza


   Skills:
 + Level 8.5 Fighting
 + Level 8.2 Polearms
 - Level 1.7 Throwing
 + Level 7.3 Armour
 - Level 2.6 Dodging
 + Level 6.1 Shields


You had 9 spell levels left.
You didn't know any spells.

Dungeon Overview and Level Annotations

Branches:
Dungeon (8/15)             Temple (1/1) D:5
   Lair: D:8-11

Altars:
Ashenzari
Cheibriados
Dithmenos
Elyvilon
Fedhas
Gozag
Hepliaklqana
Makhleb
Nemelex Xobeh
Okawaru
Qazlal
Ru
Sif Muna
Trog
Uskayaw
Vehumet
Xom
Yredelemnul
Zin
The Shining One


Innate Abilities, Weirdness & Mutations

You have a pair of horns on your head.
You are significantly more attuned to the shadows.
You are partially covered in sharp spines.
When seriously injured, your bleeding wounds create armour. (AC +6)


Message History

You feel sick.
* * * LOW HITPOINT WARNING * * *
You feel sick.
* * * LOW HITPOINT WARNING * * *
You feel sick.
There is a lethal amount of poison in your body!
There is a lethal amount of poison in your body!
There is a lethal amount of poison in your body!
There is a lethal amount of poison in your body!
* * * LOW HITPOINT WARNING * * *
You feel sick.
* * * LOW HITPOINT WARNING * * *
You feel sick.
* * * LOW HITPOINT WARNING * * *
You feel sick.
* * * LOW HITPOINT WARNING * * *
You feel sick.
* * * LOW HITPOINT WARNING * * *
You feel sick.
You die...

#.#...#...#........รท# #.#
...#..#..#..#.##%##.# #.#
....#.#.#...#..#.##.# #.# #.#
.....###....#..#.##.# #.# #.#
............#.>#.##.# #.# #.#
.#...#.........#.##.# #.# #.#
.#..#..........#.##.# #.# #.#
.#.#...........#.##.###.###.#
###.............@##.........#
# #####........########.#####
#......#..# #.# #......#..#
#.#
#......#..########.#######
#......#>................#
######.##.########.....###
#.##........#####.#
#.#########.# #.#


There were no monsters in sight!

Vanquished Creatures
  A queen ant (D:8)
  Pikel (D:7)
  The ghost of lorenzova the Thaumaturge, a novice DECj of Vehumet (D:6)
  The ghost of Franakus the Magician, an amateur OpWz (D:3)
  A spriggan (D:7)
  A wyvern (D:8)
  A water moccasin (D:8)
  5 soldier ants (D:8)
  A sky beast (D:7)
  An ice beast (D:6)
  A phantom (D:6)
  A slave (D:7)
  6 ogres
  5 centaurs
  Blork the orc (D:6)
  2 big kobolds (D:7)
  2 bullfrogs
  3 scorpions
  A howler monkey (D:8)
  An electric eel (D:6)
  5 crimson imps
  A centaur zombie (D:6)
  5 hounds
  6 orc priests
  7 orc wizards
  A centaur skeleton (D:4)
  Ijyb (D:4)
  An iguana (D:4)
  8 worker ants
  2 worker ant zombies
  Robin (D:2)
  12 adders
  14 gnolls
  3 howler monkey skeletons (D:4)
  4 shadow imps
  2 oozes
  3 worms
  5 dart slugs
  6 leopard geckos
  24 orcs
  5 bats
  3 giant cockroaches
  22 goblins
  10 hobgoblins
  8 jackals
  2 quokkas
  4 frilled lizards
  18 kobolds
  A quokka skeleton (D:6)
  11 rats
232 creatures vanquished.

Vanquished Creatures (others)
  A centaur (D:7)
  An orc wizard (D:6)
2 creatures vanquished.

Grand Total: 234 creatures vanquished

Notes
Turn   | Place    | Note
-------+----------+-------------------------------------------
     0 | D:1      | Mesmaeker13 the Demonspawn Gladiator began the quest for the Orb.
     0 | D:1      | Reached XP level 1. HP: 16/16 MP: 1/1
   157 | D:1      | Gained mutation: You have a pair of small horns on your head. [demonic ancestry]
   157 | D:1      | Reached XP level 2. HP: 18/23 MP: 2/2
   272 | D:1      | Found a radiant altar of Vehumet.
   411 | D:1      | Reached XP level 3. HP: 27/28 MP: 3/3
   929 | D:2      | Gained mutation: You are slightly more attuned to the shadows. [demonic ancestry]
   929 | D:2      | Reached XP level 4. HP: 18/35 MP: 4/4
  1167 | D:2      | Noticed Robin
  1180 | D:2      | Killed Robin
  1204 | D:2      | Reached skill level 1 in Armour
  1833 | D:3      | Gained mutation: You have a pair of horns on your head. [demonic ancestry]
  1833 | D:3      | Reached XP level 5. HP: 42/42 MP: 5/5
  2027 | D:3      | Found a faded altar of an unknown god.
  2181 | D:3      | Reached XP level 6. HP: 15/48 MP: 6/6
  2194 | D:3      | Noticed Franakus's ghost (amateur OpWz)
  2409 | D:4      | Noticed Ijyb
  2422 | D:4      | Killed Ijyb
  2626 | D:4      | Found an iron altar of Okawaru.
  2994 | D:3      | Reached XP level 7. HP: 47/55 MP: 7/7
  3163 | D:4      | Reached skill level 5 in Fighting
  3214 | D:4      | Reached skill level 5 in Polearms
  3915 | D:5      | Entered Level 5 of the Dungeon
  3959 | D:5      | Found a staircase to the Ecumenical Temple.
  3967 | Temple   | Entered the Ecumenical Temple
  4213 | Temple   | Became a worshipper of Ashenzari the Shackled
  4488 | D:4      | Reached skill level 1 in Shields
  4895 | D:5      | Noticed a dagger
  4896 | D:5      | Noticed a hand axe
  4899 | D:5      | Found a hide-covered altar of Uskayaw.
  5297 | D:5      | Gained mutation: When seriously injured, your bleeding wounds create armour. (AC +6) [demonic ancestry]
  5297 | D:5      | Reached XP level 8. HP: 63/63 MP: 8/8
  5671 | D:6      | Found a stormy altar of Qazlal.
  5715 | D:6      | Noticed lorenzova's ghost (novice DECj)
  5742 | D:6      | Killed lorenzova's ghost
  5911 | D:6      | Reached skill level 5 in Armour
  6221 | D:6      | Noticed Blork the orc
  6270 | D:6      | Killed Blork the orc
  6320 | D:6      | Gained mutation: You are significantly more attuned to the shadows. [demonic ancestry]
  6320 | D:6      | Reached XP level 9. HP: 69/71 MP: 9/9
  6760 | D:3      | Found a shadowy altar of Dithmenos.
  6808 | D:3      | Killed Franakus's ghost
  7228 | D:7      | Noticed Pikel
  7243 | D:7      | Killed Pikel
  7529 | D:7      | Reached * piety under Ashenzari
  7727 | D:7      | Reached skill level 5 in Shields
  8410 | D:8      | Gained mutation: You are partially covered in sharp spines. [demonic ancestry]
  8410 | D:8      | Reached XP level 10. HP: 71/80 MP: 10/10
  8496 | D:8      | Found a burning altar of Makhleb.
  8500 | D:8      | Found a glowing silver altar of Zin.
  8501 | D:8      | Noticed an angel
  8501 | D:8      | Noticed a blizzard demon
  9178 | D:8      | Noticed a queen ant
  9201 | D:8      | Killed a queen ant
  9221 | D:8      | HP: 3/82 [poisoned by a queen ant]
  9225 | D:8      | HP: 1/82 [poisoned by a queen ant]
  9227 | D:8      | Succumbed to a queen ant's poison

Skill      XL: |  1  2  3  4  5  6  7  8  9 10 |
---------------+-------------------------------+-----
Polearms       | 3 4 5 6 7 8 |  8.2
Fighting       | 3 4 5 6 7 8 |  8.5
Armour         | 1 2 3 4 5 6 7 |  7.3
Shields        | 1 3 5 6 |  6.1
Throwing       | |  1.7
Dodging        | |  2.6

Action                   |  1- 3 |  4- 6 |  7- 9 | 10-12 || total
-------------------------+-------+-------+-------+-------++-------
Melee: Trident           |    79 |       |       |       ||    79
       Headbutt          |    10 |    38 |    77 |    48 ||   173
       Spear             |     8 |   233 |   514 |   180 ||   935
Invok: Curse Item        |       |       |     2 |       ||     2
Evoke: Wand              |       |       |     8 |     4 ||    12
  Use: Scroll            |     2 |     2 |     7 |     1 ||    12
       Potion            |     1 |       |     3 |     4 ||     8
 Stab: Sleeping          |       |     3 |     1 |       ||     4
       Distracted        |       |       |     1 |     1 ||     2
  Eat: Chunk             |       |     7 |    17 |     3 ||    27
       Meat ration       |       |       |       |     2 ||     2
Armor: Leather armour    |     9 |     1 |       |       ||    10
       Ring mail         |       |    34 |    46 |       ||    80
       Chain mail        |       |       |    10 |       ||    10
       Plate armour      |       |       |   117 |    47 ||   164
Dodge: Dodged            |    39 |    85 |   103 |    11 ||   238
Block: Shield            |       |       |   130 |    57 ||   187
